 Dungeon Crawl Stone Soup version 0.18.1-48-g4cf74bf (console) character file.

11736 Kloppie the Basher (level 11, 0/157 HPs)
             Began as a Hill Orc Berserker on Sept 12, 2016.
             Was a High Priest of Trog.
             Succumbed to a spiny frog's poison
             ... on level 2 of the Lair of Beasts.
             The game lasted 00:17:40 (11659 turns).

Kloppie the Basher (Hill Orc Berserker)            Turns: 11659, Time: 00:17:41

Health: 0/157      AC: 27    Str: 26    XL:     11   Next: 82%
Magic:  11/11      EV:  9    Int:  7    God:    Trog [*****.]
Gold:   680        SH:  5    Dex: 13    Spells: 0 memorised, 10 levels left

rFire  . . .     SeeInvis .     a - +4 morningstar (holy)
rCold  . . .     Gourm    .     i - +4 chain mail
rNeg   . . .     Faith    .     G - +0 buckler
rPois  .         Spirit   .     (no helmet)
rElec  .         Dismiss  .     g - +2 cloak {MR+}
rCorr  .         Reflect  .     I - +0 pair of gloves
SustAt .         Harm     .     s - +1 pair of boots
MR     ++...                    (no amulet)
Stlth  ..........               L - +5 ring of protection
                                J - ring of protection from magic

@: berserking (expiring), lethally poisoned (0 -> -31), very quick, very
resistant to hostile enchantments, extremely unstealthy
A: no striking features
a: Berserk, Trog's Hand, Brothers in Arms, Burn Spellbooks, Renounce Religion


You were on level 2 of the Lair of Beasts.
You worshipped Trog.
Trog was extremely pleased with you.
You were hungry.

You visited 2 branches of the dungeon, and saw 12 of its levels.

You collected 801 gold pieces.
You spent 121 gold pieces at shops.

Inventory:

Hand Weapons
 a - a +4 morningstar of holy wrath (weapon)
 R - a +1 flail
Armour
 g - a +2 cloak of magic resistance (worn)
 i - a +4 chain mail (worn)
 s - a +1 pair of boots (worn)
 G - a +0 buckler (worn)
 I - a +0 pair of gloves (worn)
Jewellery
 m - a cursed ring of teleportation {unknown}
 x - an uncursed ring of resist corrosion
 J - a ring of protection from magic (left hand)
 L - a +5 ring of protection (right hand)
Wands
 y - a wand of disintegration (5/24)
 E - a wand of teleportation (8/9)
Scrolls
 d - a scroll of holy word {unknown}
 l - a scroll of teleportation
 p - a scroll of recharging
 t - 4 scrolls of remove curse
 V - a scroll of fear
Potions
 e - 3 potions of ambrosia
 h - a potion of cure mutation
 j - 2 potions of agility
 q - 2 potions of invisibility {unknown}
 r - 3 potions of magic
 u - 3 potions of might
 w - a potion of flight
 B - a potion of brilliance {unknown}
 D - a potion of lignification {unknown}
 F - a potion of berserk rage {unknown}
 P - a potion of haste {unknown}
 Q - 2 potions of curing {unknown}
Comestibles
 b - 2 chunks of flesh
 c - 5 bread rations
 f - 5 meat rations
 k - 12 royal jellies
 n - a beef jerky
 z - 3 fruits
 T - a slice of pizza


   Skills:
 - Level 12.3 Fighting
 + Level 13.3 Maces & Flails
 - Level 9.3 Armour
 - Level 1.5 Dodging
 - Level 5.1 Shields


You had 10 spell levels left.
You didn't know any spells.

Dungeon Overview and Level Annotations

Branches:
Dungeon (10/15)            Temple (0/1) D:4            Lair (2/8) D:10
    Orc (0/2) D:9

Altars:
Ashenzari
Cheibriados
Elyvilon
Gozag
Kikubaaqudgha
Nemelex Xobeh
Xom
Zin

Shops:
D:6 [


Message History

You feel very sick. You block the spiny frog's attack.
You bludgeon the spiny frog!!
You feel the power of Trog in you as your rage grows.
You kill the spiny frog!
Trog accepts your kill.
* * * LOW HITPOINT WARNING * * *
You feel very sick.
You are too berserk!
There is a lethal amount of poison in your body!
There is a lethal amount of poison in your body!
* * * LOW HITPOINT WARNING * * *
You feel sick.
You feel a strong urge to attack something.
* * * LOW HITPOINT WARNING * * *
You feel very sick.
* * * LOW HITPOINT WARNING * * *
You feel sick.
You feel your anger subside.
You die...

#+#....##### ####P.+####
...........###.#......<.
..........+....#.......+
...........P............
...........####........#
..........## #........#
..........## #........(.
......†....# ##P.......#
.......@..## ####.+...#
#...####.## ##.#### . .
### .#


There were no monsters in sight!

Vanquished Creatures
  Harold (Lair:2)
  A hydra (Lair:1)
  A centaur warrior (D:9)
  A hill giant (D:10)
  Pikel (D:6)
  A cyclops (D:9)
  2 black mambas
  A spiny frog (Lair:2)
  An efreet (D:9)
  A troll (D:10)
  Grinder (D:5)
  Sigmund (D:5)
  8 yaks
  A hungry ghost (D:9)
  3 hippogriffs
  Menkaure (D:5)
  2 water moccasins
  4 sky beasts
  2 ice beasts
  An orc warrior (D:8)
  A phantom (D:9)
  4 centaurs
  6 ogres
  2 crocodiles (Lair:2)
  A crocodile (shapeshifter) (D:9)
  9 giant frogs
  A gnoll sergeant (D:9)
  3 scorpions
  An electric eel (D:8)
  3 howler monkeys (D:7)
  4 crimson imps
  2 quasits
  2 giant frog zombies
  6 jellies
  2 orc priests
  Crazy Yiuf (D:7)
  2 hounds (D:8)
  6 iguanas
  11 worker ants
  6 orc wizards
  4 sheep (Lair:1)
  A hound zombie (D:3)
  A worker ant zombie (D:8)
  A howler monkey skeleton (D:4)
  16 gnolls
  21 river rats
  19 adders
  2 shadow imps
  6 oozes
  3 adder skeletons
  2 worms (D:2)
  2 dart slugs
  6 giant geckos
  24 orcs
  A ball python (D:7)
  12 bats
  6 giant cockroaches
  8 goblins
  4 hobgoblins
  12 jackals
  3 quokkas
  A giant gecko skeleton (D:4)
  5 giant newts
  6 kobolds
  9 rats
283 creatures vanquished.

Vanquished Creatures (others)
  2 orc wizards (D:6)
  An iguana (D:6)
  A worker ant (D:6)
  A shadow imp (D:6)
  A giant gecko (D:6)
  3 orcs
  3 fungi
  A plant (D:10)
13 creatures vanquished.

Grand Total: 296 creatures vanquished

Notes
Turn   | Place    | Note
--------------------------------------------------------------
     0 | D:1      | Kloppie the Hill Orc Berserker began the quest for the Orb.
     0 | D:1      | Reached XP level 1. HP: 19/19 MP: 1/1
   254 | D:1      | Reached XP level 2. HP: 26/27 MP: 2/2
   611 | D:1      | Reached XP level 3. HP: 30/34 MP: 3/3
   813 | D:2      | Reached skill level 4 in Maces & Flails
   878 | D:2      | Reached ** piety under Trog
   988 | D:2      | Reached XP level 4. HP: 30/41 MP: 4/4
  1105 | D:2      | Reached skill level 5 in Fighting
  1526 | D:2      | Reached XP level 5. HP: 48/48 MP: 5/5
  1598 | D:2      | Reached skill level 5 in Maces & Flails
  2115 | D:3      | Found a faded altar to an unknown god.
  2155 | D:3      | Reached *** piety under Trog
  2162 | D:3      | Reached XP level 6. HP: 44/57 MP: 6/6
  2431 | D:3      | Found a shattered altar of Ashenzari.
  3016 | D:4      | Reached XP level 7. HP: 58/64 MP: 7/7
  3212 | D:4      | Found a staircase to the Ecumenical Temple.
  3232 | D:4      | Reached skill level 6 in Maces & Flails
  4318 | D:5      | Entered Level 5 of the Dungeon
  4360 | D:5      | Noticed Grinder
  4361 | D:5      | Paralysed by Grinder for 6 turns
  4402 | D:5      | Reached skill level 5 in Armour
  4402 | D:5      | Reached XP level 8. HP: 37/73 MP: 8/8
  4409 | D:5      | Killed Grinder
  4409 | D:5      | Reached skill level 7 in Maces & Flails
  4671 | D:5      | Noticed Sigmund
  4699 | D:5      | Killed Sigmund
  4770 | D:5      | Reached **** piety under Trog
  4937 | D:5      | Noticed Menkaure
  4947 | D:5      | Killed Menkaure
  4947 | D:5      | Reached skill level 8 in Maces & Flails
  5134 | D:6      | Found Jekly's Antique Armour Boutique.
  5143 | D:6      | Bought a shiny chain mail for 121 gold pieces
  5409 | D:6      | Noticed Pikel
  5430 | D:6      | Killed Pikel
  5430 | D:6      | Reached XP level 9. HP: 76/83 MP: 9/9
  5910 | D:6      | Found a glowing silver altar of Zin.
  5910 | D:6      | Found an opulent altar of Gozag.
  5970 | D:6      | Found an ancient bone altar of Kikubaaqudgha.
  5973 | D:6      | Found a shimmering altar of Xom.
  5976 | D:6      | Found a white marble altar of Elyvilon.
  6249 | D:7      | Reached skill level 1 in Shields
  6381 | D:7      | Found a sparkling altar of Nemelex Xobeh.
  6681 | D:7      | Reached skill level 9 in Maces & Flails
  7118 | D:7      | Noticed Crazy Yiuf
  7126 | D:7      | Killed Crazy Yiuf
  7672 | D:8      | Found a snail-covered altar of Cheibriados.
  7715 | D:8      | Reached skill level 10 in Fighting
  8275 | D:8      | Reached XP level 10. HP: 86/93 MP: 10/10
  8391 | D:9      | Found a staircase to the Orcish Mines.
  8577 | D:9      | Reached skill level 10 in Maces & Flails
  8691 | D:9      | Noticed a cyclops
  8705 | D:9      | Killed a cyclops
  8705 | D:9      | Reached skill level 5 in Shields
  8802 | D:9      | Reached ***** piety under Trog
  9121 | D:9      | Noticed a centaur warrior
  9144 | D:9      | Killed a centaur warrior
  9310 | D:9      | Identified the Guide on Captivating Earth
  9675 | D:9      | Reached XP level 11. HP: 91/104 MP: 11/11
  9788 | D:9      | Reached skill level 11 in Maces & Flails
  9998 | D:10     | Entered Level 10 of the Dungeon
 10044 | D:10     | Found a staircase to the Lair.
 10576 | D:10     | Received a gift from Trog
 10684 | D:10     | Noticed a hill giant
 10693 | D:10     | Killed a hill giant
 11010 | Lair:1   | Entered Level 1 of the Lair of Beasts
 11024 | Lair:1   | Noticed a four-headed hydra
 11031 | Lair:1   | Killed a four-headed hydra
 11031 | Lair:1   | Reached skill level 12 in Maces & Flails
 11485 | Lair:1   | You fall through a shaft!
 11557 | Lair:2   | Noticed Harold
 11569 | Lair:2   | Killed Harold
 11569 | Lair:2   | Reached skill level 13 in Maces & Flails
 11656 | Lair:2   | HP: 6/157 [poisoned by a spiny frog]
 11658 | Lair:2   | HP: 2/157 [poisoned by a spiny frog]
 11659 | Lair:2   | Succumbed to a spiny frog's poison

Skill      XL: |  1  2  3  4  5  6  7  8  9 10 11 |
---------------+----------------------------------+-----
Fighting       | 4 5 6 7 9 10 11 12 | 12.3
Maces & Flails | 4 5 6 8 9 10 13 | 13.3
Armour         | 3 5 7 8 9 |  9.3
Shields        | 3 5 |  5.1
Dodging        | |  1.5

Action                   |  1- 3 |  4- 6 |  7- 9 | 10-12 || total
-------------------------+-------+-------+-------+-------++-------
Melee: Mace              |   107 |    57 |       |       ||   164
       Flail             |       |   131 |   314 |   388 ||   833
       Whip              |       |       |   213 |       ||   213
       Morningstar       |       |       |       |   131 ||   131
Invok: Berserk           |     1 |     3 |     9 |     6 ||    19
       Trog's Hand       |       |     1 |     5 |     1 ||     7
  Use: Scroll            |       |       |    14 |     8 ||    22
  Eat: Chunk             |     1 |    10 |    22 |    18 ||    51
       Meat ration       |       |       |     1 |       ||     1
       Beef jerky        |       |       |       |     1 ||     1
Armor: Animal skin       |     8 |       |       |       ||     8
       Scale mail        |    62 |    50 |       |       ||   112
       Chain mail        |       |    54 |   284 |   338 ||   676
Dodge: Dodged            |    81 |   108 |   223 |   173 ||   585
Block: Buckler           |       |       |    52 |   121 ||   173
